 Dungeon Crawl Stone Soup version 0.29-a0-370-gb5314be063 (webtiles) character file.

Game seed: 4473426396689709922

158 Colgate the Sneak (level 5, -1/30 HPs)
             Began as a Kobold Brigand on May 2, 2022.
             Was a Believer of Kikubaaqudgha.
             Slain by a black bear (5 damage)
             ... on level 4 of the Dungeon.
             The game lasted 00:11:11 (6091 turns).

Colgate the Sneak (Kobold Brigand)                  Turns: 6091, Time: 00:11:11

Health: -1/30      AC:  4    Str:  9    XL:     5   Next: 67%
Magic:  14/24      EV: 14    Int: 14    God:    Kikubaaqudgha [**....]
Gold:   138        SH:  0    Dex: 16    Spells: 5/6 levels left

rFire   . . .      SeeInvis .   a - +2 dagger
rCold   . . .      Faith    .   (no shield)
rNeg    . . .      Spirit   .   b - +0 robe
rPois   .          Reflect  .   (no helmet)
rElec   .          Harm     .   c - +0 cloak
rCorr   .          Rampage  .   r - +0 pair of gloves
Will    .....                   (no boots)
Stlth   ++++......              (no amulet)
HPRegen 0.10/turn               m - ring of magical power
MPRegen 0.19/turn               x - ring of magical power

@: very slightly contaminated
A: small, no large weapons, nightstalker 3
a: Renounce Religion, Receive Corpses


You were on level 4 of the Dungeon.
You worshipped Kikubaaqudgha.
Kikubaaqudgha was pleased with you.
You visited 1 branch of the dungeon, and saw 4 of its levels.

You collected 138 gold pieces.

Inventory:

Hand Weapons
 a - a +2 dagger (weapon)
Missiles
 d - 18 poisoned darts
 e - 3 curare-tipped darts
 f - a throwing net {!f}
Armour
 b - a +0 robe (worn)
 c - a +0 cloak (worn)
 p - a +3 plate armour
 r - a +0 pair of gloves (worn)
Jewellery
 m - a ring of magical power (left hand)
 x - a ring of magical power (right hand)
Wands
 v - a wand of iceblast (7) {@v2}
Scrolls
 i - a scroll of vulnerability
 l - a scroll of fear {unknown}
 o - a scroll of amnesia
 q - 2 scrolls of silence {unknown}
 s - a scroll of magic mapping {unknown}
 t - a scroll of noise {unknown}
 w - a scroll of immolation {unknown}
 y - 2 scrolls of teleportation {unknown}
Potions
 g - a potion of lignification {unknown}
 h - 3 potions of curing {@q1}
 j - a potion of brilliance
 k - a potion of resistance {unknown}
 n - a potion of cancellation {unknown}
 u - a potion of degeneration {unknown}


   Skills:
 - Level 2.1 Fighting
 - Level 4.0 Short Blades
 - Level 2.1 Throwing
 - Level 1.2 Dodging
 - Level 5.3 Stealth
 - Level 1.0 Spellcasting
 + Level 4.1 Necromancy


You had 5 spell levels left.
You knew the following spells:

 Your Spells              Type           Power      Damage    Failure   Level
a - Pain                  Necr           48%        1d6       4%          1

Your spell library contained the following spells:

 Spells                   Type           Power      Damage    Failure   Level
 Animate Skeleton         Necr           24%        N/A       4%          1
 Sublimation of Blood     Necr           12%        N/A       8%          2
 Corpse Rot               Necr/Air       12%        N/A       17%         2
 Sting                    Tmut/Pois      0%         1d3       26%         1
 Poisonous Vapours        Pois/Air       0%         N/A       36%         2
 Dispel Undead            Necr           12%        3d9       43%         4
 Agony                    Necr           12%        N/A       80%         5
 Olgreb's Toxic Radiance  Pois           0%         N/A       95%         4
 Death Channel            Necr           6%         N/A       100%        6


Dungeon Overview and Level Annotations

Branches:
Dungeon (4/15)
 Temple: D:4-7

Altars:
Kikubaaqudgha

Shops:
D:4 (

Annotations:
D:4 Eustachio


Innate Abilities, Weirdness & Mutations

You are small and have problems with some larger weapons.
You are completely attuned to the shadows.


Message History

Nothing appears to happen.
The black bear closely misses you.
The black bear claws you but does no damage.
The black bear claws you.
Aiming: Pain (safe; 4% risk of failure)
Aim: a black bear (lightly wounded, chance to affect: 67%)
Okay, then.
Unknown command.
The black bear writhes in agony.
The black bear bites you. The black bear barely misses you.
The black bear claws you.
You are too injured to fight recklessly!
Aiming: Pain (safe; 4% risk of failure)
Aim: a black bear (lightly wounded, chance to affect: 67%)
You miscast Pain.
Nothing appears to happen.
The black bear closely misses you.
The black bear claws you but does no damage.
The black bear claws you.
Aiming: Pain (safe; 4% risk of failure)
Aim: a black bear (lightly wounded, chance to affect: 67%)
The black bear writhes in agony.
The black bear misses you. The black bear barely misses you.
The black bear claws you but does no damage.
Aiming: Pain (safe; 4% risk of failure)
Aim: a black bear (moderately wounded, chance to affect: 67%)
The black bear struggles to resist.
The black bear bites you but does no damage.
The black bear completely misses you. The black bear claws you.
* * * LOW HITPOINT WARNING * * *
Aiming: Pain (safe; 4% risk of failure)
Aim: a black bear (moderately wounded, chance to affect: 67%)
The black bear struggles to resist.
The black bear misses you.
The black bear claws you but does no damage.
The black bear claws you.
* * * LOW HITPOINT WARNING * * *
Aiming: Pain (safe; 4% risk of failure)
Aim: a black bear (moderately wounded, chance to affect: 67%)
The black bear struggles to resist.
The black bear bites you.
You die...
Kikubaaqudgha rasps: "You have failed me!
Welcome... death!"

#.. ##..# #.# ##.## ### ##
##.###.####..## ..##..##..#
#.... #.........# #..#
#....###..###).# .......
#....####......###......#
##.##..##..####.h...#....#
...###.##..# ##@.####...## ..##
#....#####..## ##...# ..#
###...###....# #..#.##
..###............## #..##.####
..#...###.........####.####...#
#...### #......#.......# ##.##
#...## #........#####.####.##
#..#.## #..#....## #..#....##
..#...###..####.# ##...###.##


You could see a black bear.

Vanquished Creatures
  A jelly (D:4)
  An iguana (D:4)
  2 adders
  An ufetubus (D:4)
  A worm (D:3)
  5 dart slugs
  2 orcs
  4 endoplasms
  8 goblins
  3 hobgoblins
  7 jackals
  2 kobolds
  2 quokkas
  6 ball pythons
  2 bats (D:3)
  17 frilled lizards
  4 rats
68 creatures vanquished.

Vanquished Creatures (others)
  6 plants (D:4)
6 creatures vanquished.

Grand Total: 74 creatures vanquished

Notes
Turn   | Place    | Note
-------+----------+-------------------------------------------
     0 | D:1      | Colgate the Kobold Brigand began the quest for the Orb.
     0 | D:1      | Reached XP level 1. HP: 12/12 MP: 1/1
    63 | D:1      | Reached XP level 2. HP: 6/17 MP: 2/2
   332 | D:1      | Found a faded altar of an unknown god.
   337 | D:1      | Prayed at the altar of an unknown god.
   337 | D:1      | Became a worshipper of Kikubaaqudgha
   337 | D:1      | Reached * piety under Kikubaaqudgha
   337 | D:1      | Received a gift from Kikubaaqudgha
  1141 | D:2      | Reached skill level 1 in Necromancy
  1141 | D:2      | Reached XP level 3. HP: 21/21 MP: 3/3
  1161 | D:2      | Learned a level 1 spell: Pain
  2476 | D:3      | Reached XP level 4. HP: 24/26 MP: 4/4
  2546 | D:3      | Reached ** piety under Kikubaaqudgha
  5051 | D:4      | Noticed Eustachio
  5241 | D:4      | Reached skill level 1 in Spellcasting
  5349 | D:4      | Reached XP level 5. HP: 15/30 MP: 6/6
  6006 | D:4      | Found Olimal's Weapon Boutique.
  6075 | D:4      | Noticed a black bear
  6091 | D:4      | Slain by a black bear

Illustrated notes

Levels and vault maps discovered:
D:1:      tarquinn_simple_flora_water_f, layout_rooms,
          shapermc_ecumenical_altar_gd
D:2:      layout_rooms, eino_tiny_chamber, minmay_pentomino_u4
D:3:      layout_basic
D:4:      layout_layer_cave, serial_shops, nicolae_lakefront_shop,
          minmay_lizard_king, uniq_eustachio

Skill      XL: |  1  2  3  4  5 |
---------------+----------------+-----
Short Blades   | 3 4 |  4.0
Necromancy     | 1 2 3 4 |  4.1
Spellcasting   | 1 |  1.0
Fighting       | |  2.1
Throwing       | |  2.1
Dodging        | |  1.2
Stealth        | |  5.3

Action                   |  1- 3 |  4- 6 || total
-------------------------+-------+-------++-------
Melee: Dagger            |    73 |    37 ||   110
 Cast: Pain              |     9 |    75 ||    84
  Use: Scroll            |     4 |       ||     4
 Stab: Sleeping          |    14 |     6 ||    20
Armor: Robe              |     5 |    23 ||    28
Dodge: Dodged            |    27 |    49 ||    76

Table legend: (Time is in decaauts)
 A = Elapsed time spent in this place.
 B = Non-inter-level travel time spent in this place.
 C = Inter-level travel time spent in this place.
 D = Time resting spent in this place.
 E = Time spent auto-exploring this place.
 F = Levels seen in this place.
 G = Mean time per level.
                   A        B        C        D        E       F      G
               +--------+--------+--------+--------+--------+-----+--------+
         Total |   6073 |   5902 |    171 |     63 |   5237 |   4 | 1518.2 |
       Dungeon |   6073 |   5902 |    171 |     63 |   5237 |   4 | 1518.2 |
               +--------+--------+--------+--------+--------+-----+--------+

Top non-repeatable levels by time:
     D:3: 2955 daAuts
     D:4: 1334 daAuts
     D:1: 899 daAuts
     D:2: 884 daAuts
